 Dungeon Crawl Stone Soup version 0.29.1-12-g30fa7ad0bf (webtiles) character file.

Game seed: 13748990685324178149

46 xian the Trooper (level 3, -2/24 HPs)
             Began as a Gargoyle Berserker on Dec 23, 2022.
             Was a Follower of Trog.
             Slain by a gnoll
             ... wielding a +0 whip
              (5 damage)
             ... on level 2 of the Dungeon.
             The game lasted 00:02:40 (834 turns).

xian the Trooper (Gargoyle Berserker)                Turns: 834, Time: 00:02:41

Health: -2/24      AC: 15    Str: 22    XL:     3   Next: 66%
Magic:  3/3        EV:  3    Int:  7    God:    Trog [*.....]
Gold:   14         SH:  0    Dex:  9    Spells: 2/2 levels left

rFire   + . .      SeeInvis .   a - +0 mace
rCold   . . .      Faith    .   (no shield)
rNeg    + . .      Spirit   .   m - +0 plate armour
rPois   ∞          Reflect  .   (no helmet)
rElec   +          Harm     .   (no cloak)
rCorr   .          Rampage  .   f - +0 pair of gloves
Will    .....                   (no boots)
Stlth   ..........              (no amulet)
HPRegen 0.08/turn               n - ring of protection from fire
MPRegen 0.08/turn               (no ring)

@: on berserk cooldown, flying, slowed, constricted, very slow
A: sickness immunity, AC +3, negative energy resistance 1, electricity
resistance, torment resistance 1, petrification resistance
a: Renounce Religion, Berserk


You were on level 2 of the Dungeon.
You worshipped Trog.
Trog was aware of your devotion.
You visited 1 branch of the dungeon, and saw 2 of its levels.

You collected 14 gold pieces.

Inventory:

Hand Weapons
 a - a +0 mace (weapon)
Missiles
 g - 3 boomerangs (quivered)
 h - 2 poisoned darts
Armour
 f - a +0 pair of gloves (worn)
 m - a +0 plate armour (worn)
Jewellery
 n - a ring of protection from fire (left hand)
Scrolls
 b - a scroll of identify {unknown}
 d - a scroll of magic mapping {unknown}
 e - a scroll of teleportation {unknown}
 i - a scroll of amnesia {unknown}
Potions
 c - a potion of degeneration {unknown}
 j - a potion of flight
 k - a potion of curing {unknown}
 l - 2 potions of magic {unknown}


   Skills:
 + Level 3.8 Fighting
 + Level 3.7 Maces & Flails
 + Level 2.3 Armour
 + Level 2.0 Dodging
 + Level 0.1 Stealth


You had 2 spell levels left.
You didn't know any spells.
Your spell library was empty.

Dungeon Overview and Level Annotations

Branches:
Dungeon (2/15)

Altars:


Innate Abilities, Weirdness & Mutations

You are immune to sickness and miasma.
Your stone body is resilient. (AC +3)
You are immune to poison.
You resist negative energy. (rN+)
You are resistant to electric shocks. (rElec)
You are resistant to unholy torment.
You are immune to petrification.


Message History

The adder bites you but does no damage.
You sock the hobgoblin!
You kill the hobgoblin!
Trog accepts your kill. The adder bites you.
The gnoll hits you but does no damage. The rat bites you but does no damage.
The gnoll hits you with a +0 whip.
* * * LOW HITPOINT WARNING * * *
The rat bites you but does no damage.
There is a stone staircase leading up, spattered with blood here.
You see here a hobgoblin corpse.
You feel a strong urge to attack something.
You are no longer berserk.
You are exhausted.
You feel yourself slow down.
The ball python bites you but does no damage.
The ball python grabs you.
You stop ascending the stairs.
The ball python constricts you. The adder bites you but does no damage.
You escape the ball python's grasp.
The gnoll hits you but does no damage. x2
The rat bites you.
* * * LOW HITPOINT WARNING * * *
The adder barely misses you.
The ball python bites you but does no damage.
The ball python grabs you.
You stop ascending the stairs.
The ball python constricts you. The gnoll barely misses you.
The gnoll hits you from afar with a +0 spear.
* * * LOW HITPOINT WARNING * * *
The rat bites you but does no damage. The adder bites you but does no damage.
The ball python's grasp on you weakens, but your attempt to escape fails.
The ball python bites you but does no damage.
The ball python constricts you. The adder bites you but does no damage.
The gnoll hits you but does no damage. x2
The rat bites you but does no damage.
The ball python bites you but does no damage.
The ball python constricts you. The adder bites you but does no damage.
Unknown command.
It was a potion of flight.
You feel very buoyant.
You fly up into the air.
The gnoll hits you with a +0 whip.
You die...

. .. .# .#
#####.# #
.####.....###?#
........).....#
#)rgg..####
#S@S.......
......#>....####
.....#.#...##
.... ##.#.## ...
# .# .. .# # .#
.#


You could see 2 gnolls, an adder, a ball python and a rat.

Vanquished Creatures
  2 gnolls (D:2)
  2 dart slugs (D:1)
  2 endoplasms (D:1)
  A giant cockroach (D:1)
  4 hobgoblins
  A ball python (D:1)
  6 bats (D:1)
  2 frilled lizards (D:1)
  A kobold (D:1)
  4 rats (D:1)
25 creatures vanquished.

Notes
Turn   | Place    | Note
-------+----------+-------------------------------------------
     0 | D:1      | xian the Gargoyle Berserker began the quest for the Orb.
     0 | D:1      | Reached XP level 1. HP: 14/14 MP: 1/1
   413 | D:1      | Reached XP level 2. HP: 19/19 MP: 2/2
   497 | D:1      | Found a faded altar of an unknown god.
   724 | D:1      | Reached XP level 3. HP: 24/24 MP: 3/3
   834 | D:2      | Slain by a gnoll

Illustrated notes

Levels and vault maps discovered:
D:1:      shiori_arrival_elements, layout_rooms, basic_ecumenical_altar,
          minmay_heptomino_h4
D:2:      layout_loops_ring, hex_large, uniq_terence

Skill      XL: |  1  2  3 |
---------------+----------+-----
Dodging        | 2 |  2.0
Fighting       | |  3.8
Maces & Flails | |  3.7
Armour         | |  2.3
Stealth        | |  0.1

Action                   || total
-------------------------++-------
Melee: Mace              ||    56
       Punch             ||     1
Invok: Berserk           ||     1
  Use: Potion            ||     1
Armor: Animal skin       ||    30
       Plate armour      ||    31
Dodge: Dodged            ||    44
